 Dungeon Crawl Stone Soup version 0.32-a0-953-g508020473e (webtiles) character file.

Game seed: 5075745393608437647

1153 retardedninja the Trooper (level 8, -10/65 HPs)
             Began as a Coglin Fighter on Apr 16, 2024.
             Mangled by an ogre
             ... wielding a +0 giant club
              (28 damage)
             ... on level 5 of the Dungeon.
             The game lasted 00:08:22 (4317 turns).

retardedninja the Trooper (Coglin Fighter)          Turns: 4317, Time: 00:08:23

Health: -10/65     AC: 12    Str: 18    XL:     8   Next: 38%
Magic:  8/8        EV:  8    Int:  8    God:
Gold:   179        SH:  0    Dex: 14    Spells: 7/7 levels left

rFire   . . .        a - +1 war axe {Hwan}
rCold   . . .        w - +0 long sword {Zhen}
rNeg    . . .        b - +0 scale mail
rPois   .            (no helmet)
rElec   .            (no cloak)
rCorr   .            p - +2 pair of gloves {Stlth+}
SInv    .            s - +1 pair of boots
Will    .....        (amulet unavailable)
Stlth   +            (ring unavailable)
HPRegen 0.30/turn    (ring unavailable)
MPRegen 0.11/turn    (no gizmo)

%: no passive effects
@: revved
A: off-hand wielding, slow wielding, warmup strikes, no jewellery
a: Invent Gizmo


You were on level 5 of the Dungeon.
You visited 1 branch of the dungeon, and saw 5 of its levels.

You collected 179 gold pieces.

Inventory:

Hand Weapons
 a - a +1 war axe (weapon) {Hwan}
 w - a +0 long sword (offhand) {Zhen}
Armour
 b - a +0 scale mail (worn)
 p - a +2 pair of gloves of stealth (worn)
 s - a +1 pair of boots (worn)
Scrolls
 c - a scroll of vulnerability
 e - a scroll of identify
 f - 2 scrolls of blinking
 g - a scroll of teleportation
 h - a scroll of poison
 r - 2 scrolls of immolation
 v - a scroll of noise {unknown}
 y - a scroll of silence {unknown}
Potions
 d - a potion of might
 i - a potion of degeneration {unknown}
 k - a potion of lignification
 l - 2 potions of curing
 m - a potion of magic
 n - 2 potions of heal wounds
 t - a potion of mutation {unknown}
 u - a potion of enlightenment {unknown}
 x - a potion of resistance {unknown}


   Skills:
 * Level 6.9 Fighting
 * Level 6.3 Axes
 + Level 4.7 Armour
 - Level 2.1 Shields


You had 7 spell levels left.
You didn't know any spells.
Your spell library contained the following spells:

 Spells                   Type           Power      Damage    Failure   Level
 Apportation              Tloc           0%         N/A       78%         1
 Magic Dart               Conj           0%         1d3       78%         1
 Necrotise                Necr           0%         1d4       78%         1
 Sandblast                Erth           0%         2d4       78%         1
 Sting                    Conj/Alch      0%         1d3       78%         1
 Summon Small Mammal      Summ           0%         N/A       78%         1
 Blink                    Tloc           0%         N/A       89%         2
 Call Imp                 Summ           0%         N/A       89%         2
 Cigotuvi's Dreadful Rot  Necr/Alch/Air  0%         N/A       89%         2
 Jinxbite                 Hex            0%         N/A       89%         2
 Mercury Vapours          Alch/Air       0%         N/A       89%         2
 Searing Ray              Conj           0%         2d4       89%         2
 Hailstorm                Conj/Ice       0%         3d5       98%         3
 Passwall                 Erth           0%         N/A       98%         3
 Stone Arrow              Conj/Erth      0%         3d7       98%         3
 Summon Ice Beast         Ice/Summ       0%         N/A       98%         3
 Dispel Undead            Necr           0%         3d6       100%        4
 Fulminant Prism          Conj/Alch      0%         3d5       100%        4
 Martyr's Knell           Necr/Summ      0%         N/A       100%        4
 Olgreb's Toxic Radiance  Alch           0%         N/A       100%        4
 Yara's Violent Unravell  Hex/Alch       0%         3d3       100%        5
 Permafrost Eruption      Ice/Erth       0%         2x4d1     100%        6
 Sculpt Simulacrum        Ice/Alch       0%         N/A       100%        6
 Enfeeble                 Hex            0%         N/A       100%        7


Dungeon Overview and Level Annotations

Branches:
Dungeon (5/15)
 Temple: D:4-7

Altars:
Trog


Innate Abilities, Weirdness & Mutations

You can wield a second weapon in your off-hand.
It takes a long time for you to wield or remove held weapons.
Your first few attacks do less damage.
You cannot equip rings or amulets.


Message History

Key pressed, stopping explore.
Found a stone staircase leading up.
There is a stone staircase leading up here.
Key pressed, stopping explore.
Found a robe.
You now have 179 gold pieces (gained 11).
An ogre comes into view. It is wielding a +0 giant club.
The ogre shouts!
An ogre is nearby!
An ogre is nearby!
An ogre is nearby!
The ogre hits you with a +0 giant club!
You hit the ogre with your +0 long sword.
The ogre is lightly wounded.
You hit the ogre with your +1 war axe. The ogre hits you with a +0 giant club!
You are too injured to fight recklessly!
You are too injured to fight recklessly!
You are too injured to fight recklessly!
You are too injured to fight recklessly!
You are too injured to fight recklessly!
You are too injured to fight recklessly!
You are too injured to fight recklessly!
You are too injured to fight recklessly!
You are too injured to fight recklessly!
You are too injured to fight recklessly!
You are too injured to fight recklessly!
You are too injured to fight recklessly!
You are too injured to fight recklessly!
You are too injured to fight recklessly!
Unknown command.
You hit the ogre but do no damage.
The ogre is lightly wounded.
You slash the ogre with your +1 war axe!
The ogre hits you with a +0 giant club!!
* * * LOW HITPOINT WARNING * * *
You slash the ogre with your +0 long sword!
The ogre is severely wounded.
You barely miss the ogre with your +1 war axe.
The ogre hits you with a +0 giant club!!
You die...

### #.# #.# #. #.#
..##.#######.#
#.#........#.###
#.#............
#.<.....##.#.#####
#...#.#............#
#........#.#.#.....##.#
#........#.#.####..#
###........#.##.@[.#
###.####.#.##O#.## #.
#.#.#....# ..
#.#....### #.###.# #.
#. ##


You could see an ogre.

Vanquished Creatures
  Eustachio (D:5)
  A steam dragon (D:5)
  A water moccasin (D:5)
  An ogre (D:4)
  A black bear (D:5)
  A centaur (D:5)
  A bombardier beetle (D:5)
  3 jellies
  3 orc priests
  An iguana (D:5)
  4 orc wizards
  8 adders
  2 dart slugs
  2 ribbon worms
  17 orcs
  3 bats
  7 endoplasms
  4 giant cockroaches
  8 goblins
  A hobgoblin (D:2)
  16 jackals
  4 quokkas
  12 ball pythons
  6 frilled lizards
  6 kobolds
  5 rats
119 creatures vanquished.

Notes
Turn   | Place    | Note
-------+----------+-------------------------------------------
     0 | D:1      | retardedninja the Coglin Fighter began the quest for the
                  | Orb.
     0 | D:1      | Reached XP level 1. HP: 18/18 MP: 1/1
   127 | D:1      | Reached XP level 2. HP: 19/24 MP: 2/2
   510 | D:1      | Reached XP level 3. HP: 29/29 MP: 3/3
  1036 | D:2      | Reached XP level 4. HP: 37/37 MP: 4/4
  1810 | D:3      | Reached XP level 5. HP: 26/42 MP: 5/5
  2163 | D:3      | Reached XP level 6. HP: 27/49 MP: 6/6
  2849 | D:4      | Reached skill level 5 in Fighting
  2956 | D:4      | Reached XP level 7. HP: 56/56 MP: 7/7
  3283 | D:4      | Reached skill level 5 in Axes
  3572 | D:5      | Entered Level 5 of the Dungeon
  3681 | D:5      | Found a bloodstained altar of Trog.
  3700 | D:5      | Noticed a steam dragon
  3712 | D:5      | Killed a steam dragon
  3718 | D:5      | Reached XP level 8. HP: 26/65 MP: 8/8
  3992 | D:5      | Noticed Eustachio
  4012 | D:5      | Killed Eustachio
  4317 | D:5      | Mangled by an ogre

Illustrated notes

Levels and vault maps discovered:
D:1:      amcnicky_arrival_double_pillar, layout_loops_ring
D:2:      minmay_diamond_boxcup, layout_basic, hangedman_decor_slide_cut
D:3:      layout_basic, minmay_misc_feat_iff, kennysheep_big_empty_room
D:4:      layout_gridville, nicolae_tricolors
D:5:      layout_basic, lemuel_doored_altar,
          mainiacjoe_ossuary_entry_find_the_door, serial_shops,
          nicolae_shop_rolled_up, uniq_eustachio

Skill      XL: |  1  2  3  4  5  6  7  8 |
---------------+-------------------------+-----
Armour         | 3 4 |  4.7
Axes           | 3 4 5 6 |  6.3
Fighting       | 4 5 6 |  6.9
Shields        | |  2.1

Action                     |  1- 3 |  4- 6 |  7- 9 || total
---------------------------+-------+-------+-------++-------
  Melee: War axe           |    62 |    89 |    53 ||   204
         Mace              |    50 |    68 |       ||   118
         Long sword        |       |    23 |    53 ||    76
    Use: Scroll            |       |     3 |     9 ||    12
         Potion            |       |     1 |     3 ||     4
   Stab: Sleeping          |       |     1 |       ||     1
 Armour: Scale mail        |    83 |   118 |   121 ||   322
  Dodge: Dodged            |    46 |    64 |    73 ||   183

Table legend: (Time is in decaauts)
 A = Elapsed time spent in this place.
 B = Non-inter-level travel time spent in this place.
 C = Inter-level travel time spent in this place.
 D = Time resting spent in this place.
 E = Time spent auto-exploring this place.
 F = Levels seen in this place.
 G = Mean time per level.
                   A        B        C        D        E       F      G
               +--------+--------+--------+--------+--------+-----+--------+
         Total |   4424 |   4383 |     41 |   1002 |   2492 |   5 |  884.8 |
       Dungeon |   4424 |   4383 |     41 |   1002 |   2492 |   5 |  884.8 |
               +--------+--------+--------+--------+--------+-----+--------+

Top non-repeatable levels by time:
     D:2: 1241 daAuts
     D:4: 930 daAuts
     D:1: 842 daAuts
     D:5: 777 daAuts
     D:3: 632 daAuts
